 Dungeon Crawl Stone Soup version 0.30.1-11-g7821555f0a (webtiles) character file.

Game seed: 16364604338627789130

1655 SacredBeard the Skirmisher (level 8, -6/38 HPs)
             Began as a Deep Elf Hexslinger on Nov 2, 2023.
             Was a Follower of Hepliaklqana.
             Succumbed to a scorpion's poison
             ... on level 6 of the Dungeon.
             The game lasted 00:27:23 (7322 turns).

SacredBeard the Skirmisher (Deep Elf Hexslinger)    Turns: 7322, Time: 00:27:24

Health: -6/38      AC:  5    Str:  7    XL:     8   Next: 68%
Magic:  15/19      EV: 13    Int: 19    God:    Hepliaklqana [*.....]
Gold:   350        SH:  0    Dex: 17    Spells: 8/19 levels left

rFire   . . .        a - +1 sling
rCold   + . .        (no shield)
rNeg    . . .        k - +0 leather armour
rPois   .            (no helmet)
rElec   .            t - +0 cloak
rCorr   .            l - +0 pair of gloves
SInv    .            (no boots)
Will    .....        (no amulet)
Stlth   +            c - ring of protection from cold
HPRegen 0.26/turn    (no ring)
MPRegen 0.16/turn

%: no passive effects
@: lethally poisoned (-6 -> -26), slowed, very slow
A: reduced essence
a: Renounce Religion, Recall Ancestor, Ancestor Identity


You were on level 6 of the Dungeon.
You worshipped Hepliaklqana.
Hepliaklqana was aware of your devotion.
You visited 1 branch of the dungeon, and saw 7 of its levels.
You also visited: Ossuary.

You collected 350 gold pieces.

Inventory:

Hand Weapons
 a - a +1 sling (weapon)
 q - a +5 dagger
Armour
 k - a +0 leather armour (worn)
 l - a +0 pair of gloves (worn)
 t - a +0 cloak (worn)
Jewellery
 c - a ring of protection from cold (left hand)
Wands
 w - a wand of roots (19)
 y - a wand of polymorph (8)
 C - a wand of charming (9)
Scrolls
 b - 3 scrolls of poison
 d - 2 scrolls of magic mapping {unknown}
 e - a scroll of butterflies {unknown}
 g - 7 scrolls of identify {unknown}
 h - a scroll of amnesia {unknown}
 m - 5 scrolls of teleportation {unknown}
 n - 2 scrolls of immolation {unknown}
 o - a scroll of fog {unknown}
 r - a scroll of enchant armour {unknown}
Potions
 f - a potion of invisibility {unknown}
 i - 3 potions of might {unknown}
 j - 2 potions of brilliance
 p - 2 potions of lignification {unknown}
 s - 3 potions of curing {unknown}
 u - a potion of mutation {unknown}
 v - a potion of heal wounds {unknown}
 x - a potion of cancellation {unknown}
 z - a potion of degeneration {unknown}
 A - 3 potions of resistance {unknown}
 B - a potion of magic {unknown}


   Skills:
 - Level 1.0 Fighting
 * Level 11.6 Ranged Weapons
 - Level 1.0 Armour
 - Level 4.0 Dodging
 - Level 6.0 Spellcasting
 - Level 6.0 Hexes
 - Level 2.0 Evocations


You had 8 spell levels left.
You knew the following spells:

 Your Spells              Type           Power      Damage    Failure   Level
a - Slow                  Hex            100%       N/A       1%          1
b - Inner Flame           Hex/Fire       17%        N/A       14%         3
c - Portal Projectile     Hex/Tloc       34%        N/A       14%         3
d - Cause Fear            Hex            14%        N/A       14%         4

Your spell library contained the following spells:

 Spells                   Type           Power      Damage    Failure   Level
 Fireball                 Conj/Fire      2%         3d4       99%         5
 Iskenderun's Battlesphe  Conj           5%         2d6       99%         5
 Conjure Ball Lightning   Conj/Air       2%         3x3d6     100%        6
 Orb of Destruction       Conj           2%         9d5       100%        7


Dungeon Overview and Level Annotations

Branches:
Dungeon (7/15) Zot: 26850 Ossuary (visited)
 Temple: D:4-7

Altars:
Dithmenos
Elyvilon
Gozag
Hepliaklqana
Ru
Trog
Vehumet

Annotations:
D:4 Pikel
D:7 Menkaure


Message History

The sling bullet closely misses the hornet.
Fire: a) +1 sling
Press: ? - help, Shift-Dir - straight line, f/p - hornet
Aim: a hornet (flame, moderately wounded, inner flame, 51% to hit)
You shoot a sling bullet.
The sling bullet hits the hornet but does no damage.
The hornet is moderately wounded.
A scorpion comes into view.
The hornet is engulfed in blazing flames.
Flame seeps out of the hornet.
The acid dragon completely misses Celestine.
The acid dragon claws Celestine.
The centaur shoots an arrow.
The arrow misses you.
Celestine hits the acid dragon!
You can't go down here!
The acid dragon completely misses Celestine.
The acid dragon claws Celestine but does no damage.
Celestine barely misses the acid dragon.
The hornet stings you!
You suddenly lose the ability to move!
You stop ascending the stairs.
The hornet barely misses you. The acid dragon spits acid at you.
The splash of acid hits Celestine!
The acid corrodes Celestine!
Celestine hits the acid dragon but does no damage.
The hornet stings you.
You feel yourself slow down. The hornet stings you!
You are poisoned.
You feel as though you will be slow longer.
Celestine hits the acid dragon!
You can move again.
* * * LOW HITPOINT WARNING * * *
You feel very sick. The hornet closely misses you. The scorpion stings you!
* * * LOW HITPOINT WARNING * * *
You are more poisoned.
The scorpion poisons you!
The acid dragon closely misses Celestine.
The acid dragon claws Celestine.
Celestine barely misses the acid dragon.
The hornet misses you. The scorpion misses you.
You climb upwards.
You die...

.........# #####.#### #.#
#####.# ......### ####..(.# #
#....# ########
####....#############......#
...............s@..........#
####....########y####......#
# #....# #.# #......# ##
#....# #.# #####.## .# #....#
######.# ######.### .# #....#
#....#.# #........# .# #....#
#....#.# #........#
.##########......###........#
............._..............#


You could see a hornet (inner flame) and a scorpion.

Vanquished Creatures
  A black bear (D:5)
  A sky beast (D:6)
  3 ogres
  A lemure (D:3)
  4 elf zombies (Ossuary)
  A scorpion (D:5)
  A killer bee (D:7)
  3 centaur zombies (Ossuary)
  2 jellies (D:6)
  2 orc priests (D:5)
  4 human zombies (Ossuary)
  3 iguanas
  A sleepcap (D:5)
  An orc wizard (D:4)
  3 mummies (Ossuary)
  4 gnolls (D:5)
  3 adders
  3 shadow imps
  A white imp (D:5)
  2 ufetubi
  A worm (D:2)
  2 dart slugs
  10 orcs
  7 endoplasms
  16 giant cockroaches
  8 goblins
  10 hobgoblins
  4 jackals
  4 quokkas
  7 ball pythons
  4 bats (D:1)
  2 frilled lizards (D:3)
  7 kobolds
  8 rats
134 creatures vanquished.

Vanquished Creatures (collateral kills)
  An elf zombie (Ossuary)
  A hound (D:6)
  2 adders (D:6)
4 creatures vanquished.

Vanquished Creatures (others)
  4 ancestors
4 creatures vanquished.

Grand Total: 142 creatures vanquished

Notes
Turn   | Place    | Note
-------+----------+-------------------------------------------
     0 | D:1      | SacredBeard the Deep Elf Hexslinger began the quest for the
                  | Orb.
     0 | D:1      | Reached XP level 1. HP: 11/11 MP: 5/5
    81 | D:1      | Reached skill level 1 in Fighting
    81 | D:1      | Reached skill level 3 in Ranged Weapons
   263 | D:1      | Reached XP level 2. HP: 10/16 MP: 6/6
   923 | D:2      | Reached XP level 3. HP: 20/20 MP: 8/8
  1275 | D:2      | Learned a level 3 spell: Inner Flame
  1470 | D:2      | Reached skill level 1 in Armour
  1529 | D:3      | Reached XP level 4. HP: 25/25 MP: 9/9
  1583 | D:3      | Reached skill level 4 in Ranged Weapons
  1882 | D:3      | Found an opulent altar of Gozag.
  1882 | D:3      | Found an opulent altar of Gozag.
  1884 | D:3      | Found an opulent altar of Gozag.
  1888 | D:3      | Found an opulent altar of Gozag.
  2570 | D:4      | Noticed Pikel
  2570 | D:4      | Noticed a lemure
  2570 | D:4      | Noticed a lemure
  2570 | D:4      | Noticed a lemure
  2570 | D:4      | Noticed a lemure
  2782 | D:3      | Killed a lemure
  2803 | D:3      | Learned a level 3 spell: Portal Projectile
  2895 | D:4      | Noticed an ogre
  2909 | D:4      | Killed an ogre
  2910 | D:4      | Reached skill level 5 in Ranged Weapons
  2910 | D:4      | Reached XP level 5. HP: 27/29 MP: 7/11
  3104 | D:4      | Reached skill level 5 in Hexes
  3628 | D:4      | Reached XP level 6. HP: 32/34 MP: 5/13
  4307 | D:4      | Learned a level 4 spell: Cause Fear
  4375 | D:5      | Entered Level 5 of the Dungeon
  4412 | D:5      | Found a faded altar of an unknown god.
  4412 | D:5      | Found a faded altar of an unknown god.
  4414 | D:5      | Found a hazy altar of Hepliaklqana.
  4422 | D:5      | Became a worshipper of Hepliaklqana the Forgotten
  4687 | D:5      | Reached skill level 6 in Ranged Weapons
  4947 | D:5      | Reached XP level 7. HP: 26/38 MP: 11/15
  5070 | D:5      | Reached skill level 7 in Ranged Weapons
  5323 | D:5      | Reached skill level 5 in Spellcasting
  5557 | D:6      | Found a radiant altar of Vehumet.
  5792 | D:6      | Reached * piety under Hepliaklqana
  5832 | D:6      | Reached skill level 8 in Ranged Weapons
  5832 | D:6      | Reached skill level 1 in Evocations
  5950 | D:6      | Found a white marble altar of Elyvilon.
  5953 | D:6      | Found a sacrificial altar of Ru.
  5953 | D:6      | Found a bloodstained altar of Trog.
  5958 | D:6      | Found a shadowy altar of Dithmenos.
  6088 | D:6      | Found a sand-covered staircase.
  6092 | Ossuary  | Entered an ossuary
  6127 | Ossuary  | Reached XP level 8. HP: 38/38 MP: 3/18
  6298 | Ossuary  | Reached skill level 9 in Ranged Weapons
  6320 | Ossuary  | Reached skill level 10 in Ranged Weapons
  6784 | D:6      | Reached skill level 11 in Ranged Weapons
  7216 | D:7      | Noticed Menkaure
  7224 | D:7      | Noticed a hornet
  7318 | D:7      | Paralysed by a hornet for 3 turns
  7322 | D:6      | Succumbed to a scorpion's poison

Illustrated notes

Levels and vault maps discovered:
D:1:      psy_arrival_fountain, layout_loops_cross, patterned_corridor
D:2:      minmay_roachtagon, layout_basic, chequers_serial_rivers_large_b
D:3:      layout_basic, nicolae_gozag_conspicuous_consumption,
          chequers_hall_statues_corner_a
D:4:      layout_loops_corners, supply_closet_lemuel, nrook_uturn,
          grunt_decor_cap, uniq_pikel
D:5:      nicolae_cairo_tiling_large, layout_rooms,
          nicolae_hepliaklqana_ecumenical_no_more
D:6:      layout_basic, vehumet_crystals, grunt_temple_overflow_open,
          enter_ossuary_5, chequers_arboretum
D:7:      hangedman_cross_stitches, layout_loops_cross,
          minmay_temple_entry_poolview, uniq_menkaure, uniq_duvessa

Skill      XL: |  1  2  3  4  5  6  7  8 |
---------------+-------------------------+-----
Fighting       | 1 |  1.0
Ranged Weapons | 3 5 6 8 11 | 11.6
Spellcasting   | 2 3 4 5 6 |  6.0
Dodging        | 3 4 |  4.0
Armour         | 1 |  1.0
Hexes          | 5 6 |  6.0
Evocations     | 1 2 |  2.0

Action                     |  1- 3 |  4- 6 |  7- 9 || total
---------------------------+-------+-------+-------++-------
   Fire: Sling             |   129 |   175 |   138 ||   442
   Cast: Slow              |     1 |    53 |    37 ||    91
         Inner Flame       |       |    16 |    25 ||    41
         Portal Projectile |       |     1 |     1 ||     2
 Invoke: Recall Ancestor   |       |       |     3 ||     3
         Ancestor Identity |       |       |     1 ||     1
    Use: Potion            |       |       |     1 ||     1
 Armour: Leather armour    |    17 |    15 |    18 ||    50
  Dodge: Dodged            |    32 |    44 |    43 ||   119
